cohdb
Replays
Latest Replays
All Replays
Popular Replays
Top Player Replays
Match Explorer
How It Works
Community
CoH3 Stats
Reddit
Sign in to upload your games and track your stats! →
Sign in with Steam
Match 45440122
Unlisted
Match 45440122
Overview
Messages
Build Orders
End
Construct Weapon Support Center
Selects Armored Battlegroup
Selects Assault Engineers
Assault Engineer Squad
M1919 Machine Gun Team
Bazooka Squad
M1919 Machine Gun Team
Assault Engineer Squad
Mechanized Support Center
.30 cal Machine Gun
.30 cal Machine Gun
M3 Armored Personnel Carrier
M3 Armored Personnel Carrier
M3 Armored Personnel Carrier
M3 Armored Personnel Carrier
.30 cal Machine Gun
Selects Strength in Steel
Construct Tank Depot
Selects Seek and Destroy
Selects UNKNOWN (2160077)
.30 cal Machine Gun
M4A3E8 Sherman Easy Eight
Mortar Pit
Mortar Pit
Mortar Pit
Selects M31 Recovery Vehicle
M31 Recovery Vehicle
.30 cal Machine Gun
Saito
markaren
jimmy82lao
UH|dun! ツ
UH|ck
iceman
0
0
Comments
sign in to comment!
No comments posted yet!